 Dungeon Crawl Stone Soup version 0.20-a0-1103-g26be02c (webtiles) character file.

130 Firecrotchwizard the Firebug (level 5, -4/38 HPs)
             Began as a Hill Orc Fire Elementalist on May 4, 2017.
             Was an Initiate of Vehumet.
             Slain by an orc
             ... wielding a +0 hand axe
              (8 damage)
             ... on level 3 of the Dungeon on May 5, 2017.
             The game lasted 00:10:50 (3626 turns).

Firecrotchwizard the Firebug (HOFE)                 Turns: 3626, Time: 00:10:51

Health: -4/38      AC:  2    Str: 11    XL:     5   Next: 13%
Magic:  0/8        EV: 12    Int: 16    God:    Vehumet [......]
Gold:   157        SH:  0    Dex: 11    Spells: 3/8 levels left

rFire    . . .     SeeInvis .   r - +0 war axe
rCold    . . .     Gourm    .   (no shield)
rNeg     . . .     Faith    .   a - +0 robe
rPois    .         Spirit   .   (no helmet)
rElec    .         Reflect  .   (no cloak)
rCorr    .         Harm     .   (no gloves)
MR       .....                  (no boots)
Stlth    ++........             (no amulet)
Regen    0.2/turn               d - ring of flight {+Fly, !d}
MPRegen  0.2/turn               (no ring)

@: no status effects
A: no striking features
a: Renounce Religion, Evoke Flight


You were on level 3 of the Dungeon.
You worshipped Vehumet.
Vehumet was noncommittal.
You were hungry.

You visited 1 branch of the dungeon, and saw 3 of its levels.

You collected 157 gold pieces.

Inventory:

Hand Weapons
 i - a +0 hand axe
   (You found it on level 1 of the Dungeon)
 r - a +0 war axe (weapon)
   (You found it on level 2 of the Dungeon)
Missiles
 f - 4 tomahawks (quivered)
Armour
 a - a +0 robe (worn)
Jewellery
 d - a ring of flight (left hand) {+Fly, !d}
   (You found it on level 1 of the Dungeon)
 p - an uncursed amulet of regeneration {unknown}
   (You took it off a kobold on level 2 of the Dungeon)
Scrolls
 e - 3 scrolls of identify {unknown}
 g - a scroll of immolation {unknown}
 h - 3 scrolls of remove curse {unknown}
 j - a scroll of magic mapping {unknown}
 n - a scroll of blinking {unknown}
 o - a scroll of teleportation {unknown}
Potions
 k - 2 potions of berserk rage {unknown}
 s - a potion of mutation {unknown}
Books
 b - a book of Flames
Comestibles
 c - 2 bread rations {@e1}
 l - 2 meat rations {@e2}


   Skills:
 + Level 2.3 Axes
 - Level 1.5 Dodging
 - Level 1.5 Stealth
 + Level 2.3 Spellcasting
 * Level 3.1 Conjurations
 + Level 3.9 Fire Magic


You had 3 spell levels left.
You knew the following spells:

 Your Spells              Type           Power        Failure   Level  Hunger
a - Flame Tongue          Conj/Fire      ##...        4%          1    #......
s - Sticky Flame          Conj/Fire      ##......     43%         4    #####..


Dungeon Overview and Level Annotations

Branches:
Dungeon (3/15)

Altars:
Ru
Sif Muna
Vehumet
The Shining One

Annotations:
D:3 exclusion: orc priest


Message History

You now have 4/7 mp.
Aim: a worm (almost dead)
You miscast Flame Tongue.
You are very lightly contaminated with residual magic.
Nothing appears to happen.
You now have 3/7 mp.
Aim: a worm (severely wounded)
The flame tongue hits the worm.
You kill the worm!
Vehumet accepts your kill.
You now have 2/7 mp.
You start resting.
Your magical contamination has completely faded away.
You regained 2 mp, and now have 4/7 mp.
You start resting.
MP restored: 7 You are feeling hungry.
You may need something to eat soon, looking for food.
Can't find anything matching that.
Okay, then.
You now have 157 gold pieces (gained 9).
An orc comes into view. It is wielding a whip.
The orc shouts!
Aim: an orc, wielding a whip The flame tongue hits the orc.
You kill the orc!
Vehumet accepts your kill.
The orc priest shouts!
The orc priest threatens, "By the altar or by the axe, you will meet Beogh!" (press Y on the ability menu to convert to Beogh)
You now have 6/7 mp.
Aim: an orc priest, wielding a hand axe The flame tongue hits the orc priest.
You hear a shout!
The orc priest invokes the aid of Beogh against you.
Pain shoots through your body!
You hear a shout!
You take 10 damage, and have 23/33 hp.
MASSIVE DAMAGE!!
You now have 5/7 mp.
Aim: an orc priest, wielding a hand axe (severely wounded)
The flame tongue hits the orc priest.
The orc priest appears unharmed.
You now have 4/7 mp.
Aim: an orc priest, wielding a hand axe (severely wounded)
The flame tongue hits the orc priest.
The orc priest threatens, "By the altar or by the axe, you will meet Beogh!"
The orc priest calls down the wrath of Beogh upon you.
Pain shoots through your body!
You take 1 damage, and have 22/33 hp.
Aim: an orc priest, wielding a hand axe (severely wounded)
The flame tongue misses the orc priest.
You now have 3/7 mp.
Aim: an orc priest, wielding a hand axe (severely wounded)
The flame tongue misses the orc priest.
The orc priest shouts, "Beogh is our master!
Accept the truth or die!"
The orc priest hits you with a hand axe.
You take 2 damage, and have 21/33 hp.
You now have 2/7 mp.
You barely miss the orc priest.
The orc priest invokes the aid of Beogh against you.
Beogh smites you!
* * * LOW HITPOINT WARNING * * *
You take 15 damage, and have 6/33 hp.
MASSIVE DAMAGE!!
You barely miss the orc priest. The orc priest closely misses you.
The orc priest hits you with a hand axe.
* * * LOW HITPOINT WARNING * * *
You take 1 damage, and have 5/33 hp.
The orc priest shouts, "Beogh is our master!
Accept the truth or die!"
You hit the orc priest.
You kill the orc priest!
Vehumet accepts your kill.
Your Conjurations skill increases to level 3!
You have reached level 5!
You feel stronger.
You start resting.
Aim: an orc, wielding a hand axe and wearing a chain mail (hasn't noticed you)
The flame tongue hits the orc.
The orc appears unharmed.
The orc shouts!
You now have 2/8 mp.
Aim: an orc, wielding a hand axe and wearing a chain mail The flame tongue hits the orc.
Aim: an orc, wielding a hand axe and wearing a chain mail (moderately wounded)
The flame tongue hits the orc.
The orc appears unharmed.
The orc barely misses you.
You now have 1/8 mp.
You hit the orc but do no damage. The orc hits you with a hand axe.
* * * LOW HITPOINT WARNING * * *
An orc comes into view. It is wielding a club.
You take 3 damage, and have 5/38 hp.
Aim: an orc, wielding a hand axe and wearing a chain mail (moderately wounded)
The flame tongue hits the orc.
The orc appears unharmed.
The orc barely misses you.
You now have 0/8 mp.
You don't have enough magic to cast that spell.
Unknown command.
You completely miss the orc. The orc hits you with a hand axe.
* * * LOW HITPOINT WARNING * * *
You take 1 damage, and have 4/38 hp.
You barely miss the orc. The orc hits you with a hand axe!
You die...

#.# #.# #.##'.#.## #.#
#.##....# #.# #.##.#.##
#.##### #.##...#######
#..o.......# #.#....[.))...
#.o###.###.# #......#######
#o #.# #o# #.#..>## #.
#.###.###.....# #.)
#...o@........#
#..#######.###..#.#########
#..)........(..............
##.........###...##########
########### #####


You could see 2 orcs.

Vanquished Creatures
  An orc priest (D:3)
  3 adders (D:3)
  An ooze (D:2)
  A worm (D:3)
  A leopard gecko (D:3)
  7 orcs (D:3)
  2 giant cockroaches (D:1)
  4 hobgoblins
  7 jackals
  5 kobolds
  5 ball pythons
  6 bats
  8 goblins
  7 rats
58 creatures vanquished.

Notes
Turn   | Place    | Note
-------+----------+-------------------------------------------
     0 | D:1      | Firecrotchwizard the Hill Orc Fire Elementalist began the quest for the Orb.
     0 | D:1      | Reached XP level 1. HP: 14/14 MP: 3/3
   513 | D:1      | Reached XP level 2. HP: 9/20 MP: 2/4
  1082 | D:2      | Found a glowing golden altar of the Shining One.
  1287 | D:2      | Reached skill level 2 in Conjurations
  1287 | D:2      | Reached XP level 3. HP: 23/26 MP: 5/5
  1739 | D:2      | Reached skill level 1 in Axes
  1894 | D:3      | Found a sacrificial altar of Ru.
  1979 | D:3      | HP: 5/26 [adder (4)]
  1981 | D:3      | HP: 1/26 [adder (3)]
  1988 | D:3      | Reached skill level 2 in Spellcasting
  2217 | D:3      | Reached XP level 4. HP: 33/33 MP: 5/7
  2242 | D:3      | Learned a level 4 spell: Sticky Flame
  2271 | D:3      | Found a radiant altar of Vehumet.
  2409 | D:3      | Became a worshipper of Vehumet
  2563 | D:3      | Reached skill level 2 in Axes
  2563 | D:3      | HP: 6/33 [orc/hand axe (4)]
  2576 | D:3      | HP: 4/33 [orc/tomahawk (3)]
  2578 | D:3      | HP: 1/33 [orc/hand axe (3)]
  3187 | D:3      | Found a deep blue altar of Sif Muna.
  3606 | D:3      | HP: 6/33 [orc priest/divine providence (15)]
  3608 | D:3      | Reached skill level 3 in Conjurations
  3608 | D:3      | Reached XP level 5. HP: 6/38 MP: 2/8
  3623 | D:3      | HP: 5/38 [orc/hand axe (3)]
  3626 | D:3      | Slain by an orc

Vault maps used:
D:1:      dpeg_arrival_renting, nrook_mini_vaults
D:2:      lemuel_tele_altar
D:3:      lemuel_coloured_pillars_altar, vehumet_crystals,
          overflow_temple_1_default, first_bread, minmay_misc_feat_encased,
          minmay_shallow_snake_nest

Skill      XL: |  1  2  3  4 |
---------------+-------------+-----
Conjurations   | 2 3 |  3.1
Axes           | 1 2 |  2.3
Spellcasting   | 2 |  2.3
Dodging        | |  1.5
Stealth        | |  1.5
Fire Magic     | |  3.9

Action                   |  1- 3 |  4- 6 || total
-------------------------+-------+-------++-------
Melee: Hand axe          |    48 |       ||    48
       Unarmed           |     5 |       ||     5
       War axe           |    40 |    37 ||    77
Throw: Tomahawk          |       |     6 ||     6
 Cast: Flame Tongue      |    15 |    41 ||    56
  Use: Potion            |     2 |       ||     2
 Stab: Sleeping          |     2 |     2 ||     4
  Eat: Chunk             |     4 |     3 ||     7
       Fruit             |       |     2 ||     2
Armor: Robe              |    27 |     4 ||    31
       Skin              |    15 |       ||    15
Dodge: Dodged            |    92 |    32 ||   124

Vault maps used:
D:1:      dpeg_arrival_renting, nrook_mini_vaults
D:2:      lemuel_tele_altar
D:3:      lemuel_coloured_pillars_altar, vehumet_crystals,
          overflow_temple_1_default, first_bread, minmay_misc_feat_encased,
          minmay_shallow_snake_nest

Table legend:
 A = Turns spent in this place as a percentage of turns spent in the entire game.
 B = Non-inter-level travel turns spent in this place as a percentage of non-inter-level travel turns spent in the entire game.
 C = Inter-level travel turns spent in this place as a percentage of turns spent in this place.
 D = Turns resting spent in this place as a percentage of non-inter-level travel turns spent in this place.
 E = Turns spent auto-exploring this place as a percentage of non-inter-level travel turns spent in this place.
 F = Non-inter-level travel turns spent in this place divided by the number of levels of this place that you've seen.
                   A       B       C       D       E      F
               +-------+-------+-------+-------+-------+----------------------
         Total | 100.0 | 100.0 |   1.0 |   7.2 |  12.6 | 222.7
       Dungeon | 100.0 | 100.0 |   1.0 |   7.2 |  12.6 | 222.7
               +-------+-------+-------+-------+-------+----------------------

Table legend:
 A = Kills in this place as a percentage of kills in entire the game.
 B = Kills by you in this place as a percentage of kills by you in the entire game.
 C = Kills by friends in this place as a percentage of kills by friends in the entire game.
 D = Other kills in this place as a percentage of other kills in the entire game.
 E = Experience gained in this place as a percentage of experience gained in the entire game.
 F = Experience gained in this place divided by the number of levels of this place that you have seen.
                   A       B       C       D       E      F
               +-------+-------+-------+-------+-------+----------------------
         Total | 100.0 | 100.0 |  -nan |  -nan | 100.0 |  62.0
       Dungeon | 100.0 | 100.0 |  -nan |  -nan | 100.0 |  62.0
               +-------+-------+-------+-------+-------+----------------------
